 Dungeon Crawl Stone Soup version 0.25.1-1-g288607f5aa (webtiles) character file.

Game seed: 12219100430581425309

260 H0rd4k the Insei (level 6, -2/38 HPs)
             Began as an Octopode Transmuter on July 20, 2020.
             Killed by divine providence
             ... invoked by an orc priest
              (8 damage)
             ... on level 3 of the Dungeon.
             The game lasted 00:03:43 (3344 turns).

H0rd4k the Insei (Octopode Transmuter)              Turns: 3344, Time: 00:03:44

Health: -2/38      AC:  1    Str:  9    XL:     6   Next: 17%
Magic:  10/10      EV: 14    Int: 18    God:
Gold:   51         SH:  0    Dex: 12    Spells: 4/10 levels left

rFire    . . .     SeeInvis .     - Unarmed
rCold    . . .     Gourm    .   (no shield)
rNeg     . . .     Faith    .   (helmet restricted)
rPois    .         Spirit   .   (no amulet)
rElec    .         Reflect  .   (no ring)
rCorr    .         Harm     .   (no ring)
MR       .....                  (no ring)
Stlth    +++.......             (no ring)
HPRegen  0.12/turn              (no ring)
MPRegen  0.12/turn              (no ring)
                                (no ring)
                                (no ring)

@: no status effects
A: almost no armour, stealthy swim, amphibious, 8 rings, constrict 8, camouflage
1, gelatinous body 1
a: no special abilities


You were on level 3 of the Dungeon.
You were not hungry.

You visited 1 branch of the dungeon, and saw 3 of its levels.

You collected 51 gold pieces.

Inventory:

Hand Weapons
 d - a +2 dagger of holy wrath
Missiles
 a - 50 arrows
 i - 11 poisoned darts (quivered)
Scrolls
 b - a scroll of identify {unknown}
 g - a scroll of fear {unknown}
Potions
 e - a potion of stabbing
 h - a potion of might {unknown}
 j - a potion of curing {unknown}
Comestibles
 c - 6 rations


   Skills:
 + Level 1.1 Fighting
 + Level 2.6 Dodging
 + Level 3.5 Stealth
 + Level 4.7 Unarmed Combat
 * Level 2.9 Spellcasting
 * Level 3.0 Transmutations


You had 4 spell levels left.
You knew the following spells:

 Your Spells              Type           Power        Failure   Level  Hunger
a - Beastly Appendage     Tmut           ##....       4%          1    None
b - Sticks to Snakes      Tmut           ##......     7%          2    ##.....
c - Spider Form           Tmut/Pois      #.........   26%         3    ###....

Your spell library contained the following spells:

 Spells                   Type           Power        Failure   Level  Hunger
 Ice Form                 Ice/Tmut       #.......     65%         4    ####...
 Blade Hands              Tmut           ##........   78%         5    ######.


Dungeon Overview and Level Annotations

Branches:
Dungeon (3/15)

Altars:

Annotations:
D:1 exclusion: 2 downstairs


Innate Abilities, Weirdness & Mutations

You cannot wear most types of armour.
You are very stealthy in the water. (Stealth+)
You are amphibious.
You can wear up to eight rings at the same time.
You can use your tentacles to constrict eight enemies at once.
Your skin changes colour to match your surroundings (Stealth+).
Your rubbery body absorbs attacks. (AC +1, EV +1)


Message History

* * * LOW HITPOINT WARNING * * *
The bat closely misses you.
The orc priest looks braver for a moment.
A kobold comes into view.
The bat barely misses you. The bat hits you.
* * * LOW HITPOINT WARNING * * *
The bat hits you.
* * * LOW HITPOINT WARNING * * *
The bat closely misses you.
You feel sick.
You are no longer poisoned.
The bat hits you.
* * * LOW HITPOINT WARNING * * *
The bat hits you.
* * * LOW HITPOINT WARNING * * *
The bat hits you but does no damage. x2
The bat misses you.
The orc priest invokes the aid of Beogh against you.
Beogh smites you!
You die...

.... ...... ..K...
...... ##### .#..K
......##..<## K...
......#.....## #b..
.........b...# #...
###.b.b@..# #..
##.......#
#..######.......##
#..{o..o.........#
###...#####........#
......## #........#
.##....# #.#.....##
#####.####..#...##
#.....{.....#####


You could see an orc priest and 3 bats.

Vanquished Creatures
  An ogre (D:2)
  An orc priest (D:3)
  4 gnolls
  5 adders
  2 worms (D:2)
  3 dart slugs (D:1)
  A leopard gecko (D:3)
  An orc (D:3)
  2 giant cockroaches
  3 goblins
  5 hobgoblins (D:1)
  10 jackals
  7 kobolds
  5 bats
  A frilled lizard (D:2)
  4 rats
55 creatures vanquished.

Notes
Turn   | Place    | Note
-------+----------+-------------------------------------------
     0 | D:1      | H0rd4k the Octopode Transmuter began the quest for the Orb.
     0 | D:1      | Reached XP level 1. HP: 13/13 MP: 3/3
    40 | D:1      | Reached XP level 2. HP: 9/18 MP: 5/5
   667 | D:1      | Reached XP level 3. HP: 12/23 MP: 6/6
   671 | D:1      | Learned a level 2 spell: Sticks to Snakes
   675 | D:1      | Learned a level 3 spell: Spider Form
  1356 | D:2      | Reached skill level 1 in Stealth
  1381 | D:2      | HP: 1/34 [poisoned by an adder]
  1719 | D:2      | Noticed an ogre
  2047 | D:2      | Reached XP level 4. HP: 2/28 MP: 5/7
  2373 | D:2      | Killed an ogre
  2373 | D:2      | Reached skill level 4 in Unarmed Combat
  2373 | D:2      | Reached XP level 5. HP: 33/33 MP: 5/8
  3316 | D:3      | Reached XP level 6. HP: 36/38 MP: 8/10
  3344 | D:3      | Killed from afar by an orc priest

Illustrated notes

Levels and vault maps discovered:
D:1:      minmay_arrival_four_loops, layout_loops_ring,
          hangedman_abyss_or_decor_lesser_grid
D:2:      layout_loops_ring, first_ration, kennysheep_generic_room_9
D:3:      layout_rooms, kennysheep_okawaru_gauntlet, lemuel_blue_sif_altar,
          minmay_mini_jars

Skill      XL: |  1  2  3  4  5  6 |
---------------+-------------------+-----
Stealth        | 2 3 |  3.5
Unarmed Combat | 4 |  4.7
Transmutations | 3 |  3.0
Fighting       | |  1.1
Dodging        | |  2.6
Spellcasting   | |  2.9

Action                   |  1- 3 |  4- 6 || total
-------------------------+-------+-------++-------
Melee: Unarmed           |    79 |    73 ||   152
       Constrict         |    19 |    18 ||    37
       Tentacles         |    11 |     9 ||    20
       Kick              |     1 |     9 ||    10
       Punch             |       |     2 ||     2
 Cast: Beastly Appendage |     4 |     7 ||    11
       Spider Form       |       |     1 ||     1
  Use: Potion            |     4 |       ||     4
 Stab: Sleeping          |     6 |     3 ||     9
       Distracted        |       |     1 ||     1
  Eat: Chunk             |     3 |     5 ||     8
Armor: Skin              |     6 |     8 ||    14
Dodge: Dodged            |    42 |    69 ||   111
